 Dungeon Crawl Stone Soup version 0.21.1-1-g345015f (webtiles) character file.

93 letownia2 the Conjurer (level 4, 0/30 HPs)
             Began as a Demonspawn Wizard on Feb 8, 2018.
             Slain by a jackal (2 damage)
             ... on level 3 of the Dungeon.
             The game lasted 00:03:30 (1679 turns).

letownia2 the Conjurer (Demonspawn Wizard)          Turns: 1679, Time: 00:03:31

Health: 0/30       AC:  2    Str:  8    XL:     4   Next: 36%
Magic:  1/8        EV: 15    Int: 19    God:
Gold:   22         SH:  0    Dex: 12    Spells: 2/9 levels left

rFire    . . .     SeeInvis .   g - +0 dagger
rCold    . . .     Gourm    .   (no shield)
rNeg     . . .     Faith    .   a - +0 robe
rPois    .         Spirit   .   b - +0 hat
rElec    .         Reflect  .   (no cloak)
rCorr    .         Harm     .   (no gloves)
MR       .....                  (no boots)
Stlth    ++........             (no amulet)
HPRegen  0.10/turn              (no ring)
MPRegen  0.11/turn              (no ring)

@: no status effects
A: repulsion field 2
a: no special abilities


You were on level 3 of the Dungeon.
You were not hungry.

You visited 1 branch of the dungeon, and saw 4 of its levels.

You collected 22 gold pieces.

Inventory:

Hand Weapons
 g - a +0 dagger (weapon)
Armour
 a - a +0 robe (worn)
 b - a +0 hat (worn)
Scrolls
 e - a scroll of identify {unknown}
 f - a scroll of amnesia {unknown}
 i - a scroll of remove curse {unknown}
 j - a scroll of fear {unknown}
 l - a scroll of enchant weapon {unknown}
Potions
 h - 2 potions of curing
 k - a potion of might {unknown}
 n - a potion of flight {unknown}
Books
 c - a book of Minor Magic

   Spells                             Type                      Level
   a - Magic Dart                     Conjuration                  1
   b - Blink                          Translocation                2
   c - Call Imp                       Summoning                    2
   d - Slow                           Hexes                        2
   e - Conjure Flame                  Conjuration/Fire             3
   f - Mephitic Cloud                 Conjuration/Poison/Air       3
Comestibles
 d - 4 rations


   Skills:
 - Level 1.7 Dodging
 - Level 1.7 Stealth
 - Level 3.0 Spellcasting
 * Level 3.7 Conjurations
   Level 1.0 Summonings
   Level 0.8 Translocations
 + Level 0.7 Fire Magic
 + Level 0.7 Air Magic
 + Level 0.8 Poison Magic


You had 2 spell levels left.
You knew the following spells:

 Your Spells              Type           Power        Failure   Level  Hunger
a - Magic Dart            Conj           ###.         3%          1    None
c - Conjure Flame         Conj/Fire      ##......     19%         3    ###....
e - Mephitic Cloud        Conj/Pois/Air  #.......     22%         3    ###....


Dungeon Overview and Level Annotations

Branches:
Dungeon (4/15)
 Temple: D:4-7

Altars:

Shops:
D:4 %

Annotations:
D:2 Sigmund


Innate Abilities, Weirdness & Mutations

You are surrounded by a moderate repulsion field. (EV +3)


Message History

The jackal bites you.
* * * LOW HITPOINT WARNING * * *
The jackal barely misses you.
Casting: Magic Dart
Confirm with . or Enter, or press ? or * to list all spells.
Aiming: Magic Dart
Press: ? - help, Shift-Dir - straight line, f/p - jackal
Aim: a jackal (heavily wounded)
The magic dart hits the jackal.
You kill the jackal!
The jackal completely misses you.
You hit the jackal.
The jackal is moderately wounded.
The jackal completely misses you.
You barely miss the jackal.
The jackal is moderately wounded.
The jackal bites you.
* * * LOW HITPOINT WARNING * * *
The jackal bites you.
You die...

......# ###+#.#...######
#..............#
#............#.#
#............#.#
#............#.#
#.........####.####...
#....>....(h@......... ...
#.........####.####### #.#.
#.........# #.#.#########.#.
#.........####.#.#...........
####.#####.##.รท...............
#.....# ##.##.#.#.#....#......
#.....# #..............#......
#.....# #..##...............#+
#.....###..##...........[.....


You could see a jackal.

Vanquished Creatures
  A howler monkey (D:4)
  2 adders (D:3)
  A dart slug (D:1)
  A ball python (D:3)
  3 goblins (D:1)
  5 hobgoblins (D:1)
  4 jackals
  2 kobolds (D:1)
  6 bats
  3 frilled lizards (D:1)
  4 rats
32 creatures vanquished.

Notes
Turn   | Place    | Note
-------+----------+-------------------------------------------
     0 | D:1      | letownia2 the Demonspawn Wizard began the quest for the Orb.
     0 | D:1      | Reached XP level 1. HP: 13/13 MP: 4/4
   573 | D:1      | Gained mutation: You are surrounded by a mild repulsion field. (EV +2) [demonic ancestry]
   573 | D:1      | Reached XP level 2. HP: 18/19 MP: 0/6
  1164 | D:2      | Noticed Sigmund
  1345 | D:3      | Gained mutation: You are surrounded by a moderate repulsion field. (EV +3) [demonic ancestry]
  1345 | D:3      | Reached XP level 3. HP: 24/24 MP: 2/7
  1514 | D:3      | Learned a level 3 spell: Mephitic Cloud
  1518 | D:3      | Learned a level 3 spell: Conjure Flame
  1621 | D:4      | Found Jiecs's Food Emporium.
  1653 | D:4      | Reached XP level 4. HP: 14/30 MP: 0/8
  1679 | D:3      | Slain by a jackal

Skill      XL: |  1  2 |
---------------+-------+-----
Conjurations   | 2 3 |  3.7
Dodging        | |  1.7
Stealth        | |  1.7
Spellcasting   | |  3.0
Summonings     | |  1.0
Translocations | |  0.8
Fire Magic     | |  0.7
Air Magic      | |  0.7
Poison Magic   | |  0.8

Action                   |  1- 3 |  4- 6 || total
-------------------------+-------+-------++-------
Melee: Unarmed           |     7 |       ||     7
       Dagger            |     2 |     7 ||     9
Throw: Javelin           |     2 |     2 ||     4
 Cast: Magic Dart        |    82 |     3 ||    85
  Eat: Chunk             |     2 |       ||     2
Armor: Robe              |     9 |     4 ||    13
Dodge: Dodged            |    31 |    17 ||    48
